 Dungeon Crawl Stone Soup version 0.28.0-62-gf88900778d (webtiles) character file.

Game seed: 7509200972379451320

77 hikkokomori the Magician (level 4, -1/32 HPs)
             Began as a Demonspawn Hedge Wizard on Apr 21, 2023.
             Slain by an orc
             ... wielding a +0 hand axe
              (3 damage)
             ... on level 1 of the Dungeon.
             The game lasted 00:04:21 (3082 turns).

hikkokomori the Magician (Demonspawn Hedge Wizard)  Turns: 3082, Time: 00:04:22

Health: -1/32      AC:  4    Str: 10    XL:     4   Next: 14%
Magic:  0/8        EV: 13    Int: 15    God:
Gold:   53         SH:  5    Dex: 21    Spells: 8/9 levels left

rFire   . . .      SeeInvis +   a - +0 dagger
rCold   . . .      Faith    .   (no shield)
rNeg    . . .      Spirit   .   b - +0 robe
rPois   .          Reflect  +   c - +0 hat
rElec   .          Harm     .   (no cloak)
rCorr   .          Rampage  .   (no gloves)
Will    .....                   j - +1 pair of boots {Fly}
Stlth   ++........              i - amulet of reflection
HPRegen 0.10/turn               k - +6 ring of dexterity
MPRegen 0.11/turn               e - ring of see invisible

@: flying
A: horns 1
a: no special abilities


You were on level 1 of the Dungeon.
You visited 1 branch of the dungeon, and saw 2 of its levels.

You collected 53 gold pieces.

Inventory:

Hand Weapons
 a - a +0 dagger (weapon)
Missiles
 g - 4 curare-tipped darts
Armour
 b - a +0 robe (worn)
 c - a +0 hat (worn)
 j - a +1 pair of boots of flying (worn)
Jewellery
 e - a ring of see invisible (right hand)
 i - an amulet of reflection (around neck)
 k - a +6 ring of dexterity (left hand)
 o - an amulet of magic regeneration
Scrolls
 m - a scroll of noise {unknown}
 n - a scroll of amnesia {unknown}
Potions
 d - a potion of mutation
 f - a potion of flight
 h - a potion of might
 l - a potion of attraction {unknown}


   Skills:
 + Level 1.4 Fighting
 + Level 2.4 Dodging
 + Level 2.5 Stealth
 - Level 3.0 Spellcasting
 + Level 1.9 Conjurations
 + Level 1.9 Summonings
 - Level 0.8 Translocations


You had 8 spell levels left.
You knew the following spells:

 Your Spells              Type           Power      Damage    Failure   Level
a - Magic Dart            Conj           32%        1d4       9%          1

Your spell library contained the following spells:

 Spells                   Type           Power      Damage    Failure   Level
 Call Imp                 Summ           7%         N/A       14%         2
 Slow                     Hex            8%         N/A       21%         1
 Blink                    Tloc           8%         N/A       22%         2
 Conjure Flame            Conj/Fire      5%         6-21      38%         3
 Mephitic Cloud           Conj/Pois/Air  4%         N/A       43%         3


Dungeon Overview and Level Annotations

Branches:
Dungeon (2/15)

Altars:

Shops:
D:1 (


Innate Abilities, Weirdness & Mutations

You have a pair of small horns on your head.


Message History

Casting: Magic Dart (safe; 9% risk of failure)
Confirm with . or Enter, or press ? or * to list all spells.
Aiming: Magic Dart (safe; 9% risk of failure)
Press: ? - help, Shift-Dir - straight line, f/p - orc
Aim: an orc, wielding a +0 hand axe and wearing a +0 ring mail (heavily wounded, 100% to hit)
The magic dart hits the orc.
The orc is severely wounded.
The orc barely misses you.
Your magical contamination has completely faded away.
Casting: Magic Dart (safe; 9% risk of failure)
Confirm with . or Enter, or press ? or * to list all spells.
Aiming: Magic Dart (safe; 9% risk of failure)
Press: ? - help, Shift-Dir - straight line, f/p - orc
Aim: an orc, wielding a +0 hand axe and wearing a +0 ring mail (severely wounded, 100% to hit)
The magic dart hits the orc but does no damage.
The orc is severely wounded.
You block the orc's attack.
You hit the orc but do no damage.
The orc is severely wounded.
The orc hits you with a +0 hand axe.
You completely miss the orc. You headbutt the orc, but do no damage.
The orc is severely wounded.
The orc hits you with a +0 hand axe.
* * * LOW HITPOINT WARNING * * *
You barely miss the orc.
The orc is severely wounded.
The orc hits you with a +0 hand axe.
* * * LOW HITPOINT WARNING * * *
Casting: Magic Dart (safe; 9% risk of failure)
Confirm with . or Enter, or press ? or * to list all spells.
Aiming: Magic Dart (safe; 9% risk of failure)
Press: ? - help, Shift-Dir - straight line, f/p - orc
Aim: an orc, wielding a +0 hand axe and wearing a +0 ring mail (severely wounded, 100% to hit)
The magic dart hits the orc.
The orc is almost dead.
The orc barely misses you.
You hit the orc but do no damage. Your headbutt misses the orc.
The orc is almost dead.
The orc hits you with a +0 hand axe.
You die...

####......#.###.##.##
##.# #.# ######.#.#
#.###.###.## #.## #.#.#
#.# ##.#..# #... #.#.#
#.# ##.#.######## #.#.#
#.# #.#.....# #>#.###.#
#.#####.♣## #.#.#...# #.#
♣.∩.♣ #.#...o######.#
##.♣.#
#......@....#.####....#
##..#...#...........#.###
#...##.......#......#...#
#.#.##........###.#####..
#.#.##..........#...#...#
#.#.##........#.###.#.###
#.#.##.......##.......#
#.#.########.#######.##
#.#.# #.# #.#


You could see an orc.

Vanquished Creatures
  2 adders (D:2)
  A worm (D:2)
  5 dart slugs
  An orc (D:1)
  6 bats
  4 endoplasms
  3 giant cockroaches
  4 goblins
  4 hobgoblins
  A quokka (D:1)
  4 ball pythons
  A frilled lizard (D:1)
  4 kobolds
  3 rats
43 creatures vanquished.

Vanquished Creatures (others)
  A fungus (D:1)
1 creature vanquished.

Grand Total: 44 creatures vanquished

Notes
Turn   | Place    | Note
-------+----------+-------------------------------------------
     0 | D:1      | hikkokomori the Demonspawn Hedge Wizard began the quest for
                  | the Orb.
     0 | D:1      | Reached XP level 1. HP: 13/13 MP: 4/4
   455 | D:1      | Gained mutation: You have a pair of small horns on your
                  | head. [demonic ancestry]
   455 | D:1      | Reached XP level 2. HP: 16/20 MP: 6/6
   730 | D:1      | Found a faded altar of an unknown god.
  1054 | D:1      | Found Mih Hege's Weapon Emporium.
  1286 | D:1      | Reached XP level 3. HP: 25/25 MP: 3/7
  1388 | D:1      | Reached skill level 1 in Fighting
  2582 | D:2      | Reached XP level 4. HP: 32/32 MP: 5/8
  3082 | D:1      | Slain by an orc

Illustrated notes

Levels and vault maps discovered:
D:1:      dpeg_arrival_signposts, layout_loops_ring,
          dreamdust_ecumenical_altar_grove, serial_shops, nicolae_shop_trees
D:2:      layout_basic, fountainhead, chequers_hall_statues_wall_a,
          minmay_divided_ellipse

Skill      XL: |  1  2  3 |
---------------+----------+-----
Stealth        | 2 |  2.5
Dodging        | 2 |  2.4
Fighting       | 1 |  1.4
Spellcasting   | |  3.0
Conjurations   | |  1.9
Summonings     | |  1.9
Translocations | |  0.8

Action                   |  1- 3 |  4- 6 || total
-------------------------+-------+-------++-------
Melee: Dagger            |    70 |    15 ||    85
       Punch             |     2 |       ||     2
       Headbutt          |     8 |     3 ||    11
 Cast: Magic Dart        |    81 |    37 ||   118
  Use: Scroll            |     3 |       ||     3
 Stab: Sleeping          |     1 |       ||     1
Armor: Robe              |    16 |     6 ||    22
Dodge: Dodged            |    52 |    17 ||    69
Block: Other             |    10 |     6 ||    16
